 Dungeon Crawl Stone Soup version 0.18-a0-1702-gd20c6a5 (webtiles) character file.

516 wvc the Ruffian (level 7, -5/61 HPs)
             Began as a Grey Draconian Monk on Apr 6, 2016.
             Was a Believer of Cheibriados.
             Slain by an orc warrior
             ... wielding a +0 scimitar
              (11 damage)
             ... on level 6 of the Dungeon.
             The game lasted 00:07:55 (4020 turns).

wvc the Ruffian (Grey Draconian Monk)               Turns: 4020, Time: 00:07:57

Health: -5/61      AC: 14    Str: 20    XL:     7   Next: 0%
Magic:  7/7        EV: 15    Int: 18    God:    Cheibriados [**....]
Gold:   245        SH:  0    Dex: 19    Spells: 0 memorised, 6 levels left

rFire  . . .     SeeInvis .       - Unarmed
rCold  . . .     Gourm    .     (armour unavailable)
rNeg   . . .     Faith    .     (no shield)
rPois  .         Spirit   .     (helmet restricted)
rElec  .         Dismiss  .     c - +1 cloak
rCorr  .         Reflect  .     (no gloves)
SustAt .         Harm     .     v - +0 pair of boots
MR     .....                    g - amulet of regeneration
Stlth  ++........               (no ring)
                                (no ring)

@: about to teleport, very slow, not resistant to hostile enchantments,
unstealthy
A: walk through water, unfitting armour, unbreathing, cold-blooded, AC +11
a: Bend Time, Renounce Religion


You were on level 6 of the Dungeon.
You worshipped Cheibriados.
Cheibriados was pleased with you.
You were not hungry.

You visited 1 branch of the dungeon, and saw 6 of its levels.

You collected 245 gold pieces.

Inventory:

Missiles
 f - 30 poisoned needles
 y - 6 curare-tipped needles
Armour
 c - a +1 cloak (worn)
 v - a +0 pair of boots (worn)
Jewellery
 g - an amulet of regeneration (around neck)
Wands
 u - a wand of digging (15/24)
 x - a wand of flame (25/48)
Scrolls
 d - 3 scrolls of remove curse
 i - 2 scrolls of noise
 k - a scroll of magic mapping
 l - 3 scrolls of teleportation
 m - a scroll of enchant armour
 t - a scroll of amnesia
Potions
 b - a potion of might
 e - a potion of curing {unknown}
 h - a potion of haste
 n - a potion of lignification {unknown}
 o - a potion of beneficial mutation {unknown}
 q - a potion of mutation {unknown}
 r - a potion of cure mutation {unknown}
 w - a potion of degeneration {unknown}
Comestibles
 a - 2 bread rations
 j - 4 royal jellies
 p - 2 meat rations
 s - 2 beef jerkies
 z - 3 chunks of flesh


   Skills:
 + Level 5.1 Fighting
 + Level 4.4 Dodging
 - Level 1.7 Stealth
 * Level 6.4 Unarmed Combat


You had 6 spell levels left.
You didn't know any spells.

Dungeon Overview and Level Annotations

Branches:
Dungeon (6/15)
 Temple: D:4-7

Altars:
Cheibriados
Nemelex Xobeh
Vehumet

Annotations:
D:3 wvc's ghost, amateur DrMo


Innate Abilities, Weirdness & Mutations

You can walk through water.
Your dull iron-grey scales are very hard (AC +11).
Your body does not fit into most forms of armour.
You can survive without breathing.
You are cold-blooded and may be slowed by cold attacks.


Message History

Read which item? (? for menu, Esc to quit)
As you read the scroll of teleportation, it crumbles to dust.
You feel strangely unstable. The orc closely misses you.
The orc priest hits you.
* * * LOW HITPOINT WARNING * * *
The orc warrior hits you with a scimitar.
* * * LOW HITPOINT WARNING * * *
The orc closely misses you.
You hit the orc warrior but do no damage.
The orc warrior is almost dead.
The orc hits you but does no damage. The orc priest misses you.
The orc hits you but does no damage. The orc warrior closely misses you.
You closely miss the orc warrior.
The orc warrior is almost dead.
The orc closely misses you.
The orc priest calls down the wrath of Beogh upon you.
You struggle to resist.
The orc hits you with a falchion.
* * * LOW HITPOINT WARNING * * *
The orc warrior hits you with a scimitar!
You die...

##...## # #
###..#
####.#.#
##.##...#.#.##
##..##.......
##..#.#.#...
##........#
#.........
###........
#..@o......
#...ooo...#..
#####...#.#
#..#....
##..#....
...##.. ... .
...#


You could see an orc warrior, an orc priest and 2 orcs.

Vanquished Creatures
  A sky beast (D:5)
  A jelly (D:5)
  A hound (D:4)
  A giant frog skeleton (D:4)
  A centaur skeleton (D:4)
  3 iguanas
  Robin (D:3)
  3 gnolls (D:5)
  6 adders
  2 adder zombies
  A worm (D:2)
  2 giant geckos
  9 orcs
  2 ball pythons
  A bat zombie (D:2)
  6 giant cockroaches
  19 goblins
  11 hobgoblins
  3 jackals (D:3)
  4 quokkas
  4 bats
  3 giant newts
  6 kobolds
  5 rats
96 creatures vanquished.

Notes
Turn   | Place    | Note
--------------------------------------------------------------
     0 | D:1      | wvc the Draconian Monk began the quest for the Orb.
     0 | D:1      | Reached XP level 1. HP: 19/19 MP: 1/1
   210 | D:1      | Reached XP level 2. HP: 26/26 MP: 2/2
  1012 | D:2      | Reached XP level 3. HP: 27/31 MP: 3/3
  1183 | D:2      | Found a faded altar to an unknown god.
  1323 | D:2      | Reached skill level 5 in Unarmed Combat
  1323 | D:2      | Reached XP level 4. HP: 38/40 MP: 4/4
  1680 | D:3      | Noticed wvc's ghost (amateur DrMo)
  2196 | D:3      | Noticed Robin
  2228 | D:3      | Killed Robin
  2409 | D:3      | Found a sparkling altar of Nemelex Xobeh.
  2642 | D:4      | Reached XP level 5. HP: 47/47 MP: 5/5
  2758 | D:4      | Found a snail-covered altar of Cheibriados.
  2763 | D:4      | Became a worshipper of Cheibriados the Contemplative
  2763 | D:4      | Reached * piety under Cheibriados
  2763 | D:4      | Reached ** piety under Cheibriados
  3293 | D:5      | Entered Level 5 of the Dungeon
  3348 | D:5      | Reached XP level 6. HP: 53/53 MP: 6/6
  3417 | D:5      | Noticed a sky beast
  3436 | D:5      | Killed a sky beast
  3436 | D:5      | Reached skill level 6 in Unarmed Combat
  3447 | D:5      | Found a radiant altar of Vehumet.
  3756 | D:5      | Reached skill level 5 in Fighting
  3970 | D:5      | Your scales start taking on a dull iron-grey colour.
  3970 | D:5      | Reached XP level 7. HP: 50/61 MP: 7/7
  3970 | D:5      | Gained mutation: You can survive without breathing. [Grey Draconian growth]
  3974 | D:5      | Wingboner: Серенький козлик в тапках, плаще и ошейнике.
  3978 | D:5      | Wingboner: Эстонский серенький козлик.
  3978 | D:5      | wvc: почему в ошейнике-то?
  4018 | D:6      | Wingboner: Так на тебе же амулет регенерата, разве нет?
  4020 | D:6      | Slain by an orc warrior

Vault maps used:
D:1:      denvon_arrival_planthouse
D:2:      serial_undead, serial_undead_c, serial_undead_f, serial_undead_f,
          serial_undead_e, ecumenical_altar_2
D:3:      nicolae_overflow_hidden_temple, uniq_robin
D:4:      lemuel_doored_altar, first_bread, due_unseen_surprise
D:5:      vehumet_altar_wand_db
D:6:      uniq_grinder, uniq_sigmund

Skill      XL: |  1  2  3  4  5  6 |
---------------+-------------------+-----
Dodging        | 3 4 |  4.4
Unarmed Combat | 5 6 |  6.4
Fighting       | 4 5 |  5.1
Stealth        | |  1.7

Action                   |  1- 3 |  4- 6 |  7- 9 || total
-------------------------+-------+-------+-------++-------
Melee: Unarmed           |   117 |   210 |    18 ||   345
  Use: Scroll            |     7 |     2 |     1 ||    10
 Stab: Sleeping          |       |     1 |       ||     1
  Eat: Chunk             |     1 |     4 |       ||     5
       Beef jerky        |       |     2 |       ||     2
